 Dungeon Crawl Stone Soup version 0.30.0-15-g856e2d3f33 (webtiles) character file.

Game seed: 9020462205600419182

3458 NateTC the Cleaver (level 10, -8/84 HPs)
             Began as a Hill Orc Fighter on May 19, 2023.
             Was an Initiate of Gozag.
             Mangled by a komodo dragon (28 damage)
             ... on level 8 of the Dungeon.
             The game lasted 00:09:44 (5085 turns).

NateTC the Cleaver (Hill Orc Fighter)               Turns: 5085, Time: 00:09:45

Health: -8/84      AC: 11    Str: 24    XL:     10   Next: 6%
Magic:  10/10      EV: 13    Int: 14    God:    Gozag
Gold:   1212       SH:  4    Dex:  5    Spells: 9/9 levels left

rFire   . . .        r - +1 broad axe
rCold   . . .        c - +0 buckler
rNeg    . . .        p - +0 chain mail
rPois   +            y - +0 hat "Deadafaa" {Will+ Int+6 Dex-5}
rElec   .            (no cloak)
rCorr   .            (no gloves)
SInv    .            m - +0 pair of boots
Will    +....        i - amulet of regeneration Stlth
                     u - ring of poison resistance
HPRegen 1.14/turn    w - +5 ring of evasion
MPRegen 0.12/turn

%: no passive effects
@: no status effects
A: no striking features
a: Renounce Religion, Potion Petition, Call Merchant, Bribe Branch


You were on level 8 of the Dungeon.
You worshipped Gozag.
Gozag was most pleased with you.
You visited 2 branches of the dungeon, and saw 9 of its levels.
You also visited: Bailey.

You collected 1249 gold pieces.
You paid 37 gold pieces to Gozag.

Inventory:

Hand Weapons
 a - a +4 war axe
 r - a +1 broad axe (weapon)
Missiles
 h - a throwing net (quivered)
Armour
 c - a +0 buckler (worn)
 m - a +0 pair of boots (worn)
 p - a +0 chain mail (worn)
 y - the +0 hat "Deadafaa" (worn) {Will+ Int+6 Dex-5}
   (You acquired it on level 7 of the Dungeon)

   Int:       It affects your intelligence (+6).
   Dex:       It affects your dexterity (-5).
   Will:      It increases your willpower.
Jewellery
 i - an amulet of regeneration (around neck)
 k - an amulet of the acrobat
 u - a ring of poison resistance (left hand)
 w - a +5 ring of evasion (right hand)
 C - a ring of flight
Wands
 t - a wand of paralysis (9)
 A - a wand of iceblast (11)
 D - a wand of light (7)
Scrolls
 b - a scroll of fear
 e - 3 scrolls of magic mapping
 g - 2 scrolls of noise
 o - 2 scrolls of poison
 s - 2 scrolls of teleportation
Potions
 f - 2 potions of degeneration
 j - 2 potions of curing
 l - 2 potions of brilliance
 n - 2 potions of ambrosia
 q - 2 potions of heal wounds
 v - a potion of magic {unknown}
 x - a potion of resistance {unknown}
 z - 5 potions of flight
 B - a potion of cancellation {unknown}
Miscellaneous
 d - a lightning rod (4/4)


   Skills:
 - Level 6.5 Fighting
 * Level 13.6 Axes
 + Level 7.1 Armour
 + Level 7.1 Shields


You had 9 spell levels left.
You didn't know any spells.
Your spell library was empty.

Dungeon Overview and Level Annotations

Branches:
Dungeon (8/15) Zot: 26964  Temple (1/1) D:4 Zot: 5849  Bailey (visited)
   Lair: D:8-11

Altars:
Ashenzari
Fedhas
Gozag
Okawaru
Ru
Zin

Shops:
D:3 :

Annotations:
D:3 2 transporters


Message History

The komodo dragon bites you but does no damage.
You slash the komodo dragon!
The komodo dragon is moderately wounded.
You hit the orc warrior.
The orc warrior hits you with a +0 halberd!
The komodo dragon bites you.
You hit the komodo dragon but do no damage.
The komodo dragon is moderately wounded.
You slash the yak! You closely miss the orc warrior.
The orc warrior hits you with a +0 halberd!
* * * LOW HITPOINT WARNING * * *
The yak gores you but does no damage. The komodo dragon misses you.
You slash the komodo dragon!
The komodo dragon is heavily wounded.
You hit the orc warrior.
You kill the orc warrior!
You slash the yak! The yak gores you but does no damage.
Your Armour skill increases to level 7!
Your Shields skill increases to level 7!
You have reached level 10!
You feel stronger.
You closely miss the komodo dragon.
The komodo dragon is heavily wounded.
You slash the yak!
The komodo dragon completely misses you.
The yak barely misses you.
You barely miss the komodo dragon.
The komodo dragon is heavily wounded.
You hit the yak. You block the komodo dragon's attack.
You slash the komodo dragon!
The komodo dragon is almost dead.
You hit the yak.
You kill the yak!
The komodo dragon bites you.
* * * LOW HITPOINT WARNING * * *
You hit the komodo dragon but do no damage.
The komodo dragon is almost dead.
The komodo dragon bites you!!
You die...
Your body crumbles into a pile of gold.

#........#
#.......#
#...##<.######
####...#.........
#............####
#............#
#............#
###.?$$#.....#
#P....@#######
...P.Pl$$.#
..P.P......#
PPPP.)PP.....
P.P.P...P.P.##
..P####..P.P#


P.P '...P.# .. $#P..... You could see a komodo dragon.

Vanquished Creatures
  An orc knight (Bailey)
  Sigmund (D:2)
  A yak (D:8)
  A steam dragon (D:6)
  Duvessa (D:7)
  A water moccasin (D:7)
  An ice beast (D:5)
  9 orc warriors
  A black bear (D:6)
  An ogre (D:5)
  A phantom (D:5)
  3 bullfrogs
  A gnoll sergeant (D:6)
  3 scorpions
  Dowan (D:7)
  2 howler monkeys
  4 jellies
  A hound (D:7)
  3 orc priests
  2 orc wizards
  3 iguanas
  11 gnolls
  7 adders
  A white imp (D:6)
  An ufetubus (D:4)
  A dart slug (D:1)
  22 orcs
  5 ball pythons
  6 endoplasms
  2 giant cockroaches
  10 goblins
  11 hobgoblins
  4 jackals (D:1)
  A quokka (D:2)
  4 bats
  5 frilled lizards
  15 kobolds
  5 rats
153 creatures vanquished.

Notes
Turn   | Place    | Note
-------+----------+-------------------------------------------
     0 | D:1      | NateTC the Hill Orc Fighter began the quest for the Orb.
     0 | D:1      | Reached XP level 1. HP: 19/19 MP: 1/1
    64 | D:1      | Reached skill level 3 in Axes
   136 | D:1      | Reached XP level 2. HP: 27/27 MP: 2/2
   581 | D:2      | Reached skill level 4 in Axes
   583 | D:2      | Reached XP level 3. HP: 32/33 MP: 3/3
   675 | D:2      | Noticed Sigmund
   701 | D:2      | Killed Sigmund
   702 | D:2      | Reached skill level 5 in Fighting
   702 | D:2      | Reached skill level 6 in Axes
   702 | D:2      | Reached XP level 4. HP: 8/42 MP: 4/4
   702 | D:2      | Reached XP level 5. HP: 9/48 MP: 5/5
  1368 | D:3      | Found Egutof's Book Shoppe.
  1379 | D:3      | Found a transporter.
  1381 | D:3      | Noticed a kobold demonologist
  1410 | D:3      | Found a transporter.
  1431 | D:3      | Reached XP level 6. HP: 55/56 MP: 6/6
  1485 | D:3      | Reached skill level 7 in Axes
  1797 | D:4      | Found a staircase to the Ecumenical Temple.
  1811 | Temple   | Entered the Ecumenical Temple
  1931 | Temple   | Became a worshipper of Gozag Ym Sagoz the Greedy
  2263 | D:4      | Reached skill level 8 in Axes
  2263 | D:4      | Reached XP level 7. HP: 45/63 MP: 7/7
  2447 | D:5      | Entered Level 5 of the Dungeon
  2805 | D:5      | Reached skill level 9 in Axes
  2931 | D:6      | Reached XP level 8. HP: 71/71 MP: 8/8
  3147 | D:6      | Reached skill level 10 in Axes
  3440 | D:6      | Reached skill level 11 in Axes
  3440 | D:6      | Reached skill level 5 in Armour
  3440 | D:6      | Reached skill level 5 in Shields
  3773 | D:7      | Found a flagged portal.
  3818 | Bailey   | Entered a bailey
  3825 | Bailey   | Noticed an orc knight
  3875 | Bailey   | Reached XP level 9. HP: 51/78 MP: 9/9
  3934 | Bailey   | Killed an orc knight
  3935 | Bailey   | Reached skill level 12 in Axes
  4469 | D:7      | Reached skill level 13 in Axes
  4757 | D:7      | Noticed Duvessa
  4757 | D:7      | Noticed Dowan
  4766 | D:7      | Killed Duvessa
  4773 | D:7      | Killed Dowan
  5028 | D:7      | Identified a scroll of acquirement
  5028 | D:7      | Acquired the +0 hat "Deadafaa" {Will+ Int+6 Dex-5}
  5070 | D:8      | Noticed a komodo dragon
  5082 | D:8      | Reached XP level 10. HP: 19/84 MP: 10/10
  5085 | D:8      | Mangled by a komodo dragon

Illustrated notes

Levels and vault maps discovered:
D:1:      psy_arrival_terrarium, layout_basic, minmay_small_reverse_x
D:2:      layout_loops_cross, dk_noncrumbling_3, uniq_sigmund
D:3:      gammafunk_wand_slinger, layout_rooms, serial_shops, shop
D:4:      layout_rooms, minmay_temple_entry_large_hall, st_stairs_1
D:5:      layout_gridville, dreamdust_wishing_well, hex_medium
D:6:      layout_gridville, kennysheep_cluttered_room
D:7:      layout_layer_cave, serial_glass, glass_columns_b, glass_columns_b,
          enter_bailey_8, item_on_display_a, uniq_duvessa
D:8:      lemuel_slime, layout_loops_ring, grunt_lair_entry_orc_guard_hut,
          eino_jars
Temple:   mainiacjoe_temple_big_plus

Skill      XL: |  1  2  3  4  5  6  7  8  9 |
---------------+----------------------------+-----
Axes           | 3 4 6 8 9 11 13 | 13.6
Fighting       | 4 5 6 |  6.5
Armour         | 5 7 |  7.1
Shields        | 5 7 |  7.1

Action                     |  1- 3 |  4- 6 |  7- 9 | 10-12 || total
---------------------------+-------+-------+-------+-------++-------
  Melee: War axe           |    67 |    85 |    35 |       ||   187
         Broad axe         |       |       |   209 |     4 ||   213
    Use: Scroll            |     5 |    10 |     5 |       ||    20
         Potion            |       |       |     1 |       ||     1
 Armour: Scale mail        |    34 |    12 |       |       ||    46
         Chain mail        |       |    32 |   121 |       ||   153
  Dodge: Dodged            |    37 |    22 |    96 |     2 ||   157
  Block: Buckler           |    17 |    21 |    47 |     1 ||    86
